 Dungeon Crawl Stone Soup version 0.24-a0-499-g1074bba3cf (webtiles) character file.

Game seed: 17211344603063028517

56 Inarius the Chucker (level 3, 0/29 HPs)
             Began as a Demonspawn Hunter on July 14, 2019.
             Was an Initiate of Trog.
             Slain by a gnoll
             ... wielding a +0 halberd
              (12 damage)
             ... on level 2 of the Dungeon.
             The game lasted 00:02:29 (1372 turns).

Inarius the Chucker (Demonspawn Hunter)             Turns: 1372, Time: 00:02:32

Health: 0/29       AC:  8    Str: 13    XL:     3   Next: 71%
Magic:  3/3        EV:  9    Int: 12    God:    Trog [......]
Gold:   18         SH:  0    Dex: 13    Spells: 2/2 levels left

rFire    . . .     SeeInvis .   l - +0 rapier
rCold    . . .     Gourm    .   (no shield)
rNeg     . . .     Faith    .   a - +0 scale mail
rPois    .         Spirit   .   (no helmet)
rElec    .         Reflect  .   (no cloak)
rCorr    .         Harm     .   (no gloves)
MR       .....                  (no boots)
Stlth    ..........             (no amulet)
HPRegen  0.09/turn              (no ring)
MPRegen  0.08/turn              (no ring)

@: no status effects
A: icy blue scales 1
a: Renounce Religion


You were on level 2 of the Dungeon.
You worshipped Trog.
Trog was noncommittal.
You were not hungry.

You visited 1 branch of the dungeon, and saw 2 of its levels.

You collected 18 gold pieces.

Inventory:

Hand Weapons
 l - a +0 rapier (weapon)
Missiles
 c - 6 javelins (quivered)
 d - 2 throwing nets
Armour
 a - a +0 scale mail (worn)
Scrolls
 b - a scroll of teleportation {unknown}
 e - a scroll of amnesia {unknown}
 j - 3 scrolls of identify {unknown}
 k - 2 scrolls of random uselessness {unknown}
 m - a scroll of immolation {unknown}
Potions
 h - a potion of might {unknown}
 i - a potion of heal wounds {unknown}
Comestibles
 f - 2 rations
 g - a chunk of flesh


   Skills:
 * Level 3.5 Fighting
 - Level 3.6 Throwing
 + Level 1.3 Armour
 - Level 2.0 Dodging
 - Level 0.8 Stealth


You had 2 spell levels left.
You didn't know any spells.
Your spell library was empty.

Dungeon Overview and Level Annotations

Branches:
Dungeon (2/15)

Altars:
Ashenzari
Makhleb
Okawaru
Ru
Trog
Xom
Yredelemnul


Innate Abilities, Weirdness & Mutations

You are partially covered in icy blue scales. (AC +2)


Message History

The gnoll closely misses you.
The kobold throws a stone.
The stone hits you but does no damage. The gnoll hits you but does no damage.
You see here a stone.
You hit the gnoll but do no damage. The gnoll barely misses you.
The gnoll hits you with a +0 halberd!
You barely miss the gnoll.
The gnoll hits you from afar with a +0 spear.
The kobold throws a stone.
The stone barely misses you. The gnoll barely misses you.
You hit the gnoll but do no damage.
The gnoll hits you from afar with a +0 spear.
A bat comes into view.
The gnoll hits you but does no damage.
You puncture the gnoll!
The gnoll is severely wounded.
The gnoll barely misses you.
The kobold hits you with a +0 short sword.
The gnoll hits you from afar with a +0 spear.
The gnoll hits you with a +0 halberd!
You die...

###...## #.#
##...._....#
# ##.## #.#
#.......#..#
#..# #.#
#.####### .#
#.## #.# .
#. #.# ##.#
#(.#
..#.####(##
...gggg@.#
.♣.b###Kg#
#...# #../.#
#.##... #.#
##.. #.# ###
...


You could see 4 gnolls, a goblin, a bat and a kobold.

Vanquished Creatures
  An adder (D:2)
  An ooze (D:2)
  5 goblins
  4 hobgoblins
  4 jackals (D:1)
  4 kobolds
  A ball python (D:2)
  2 bats (D:1)
  4 frilled lizards (D:1)
  19 rats
  A spectral orc (D:2)
46 creatures vanquished.

Notes
Turn   | Place    | Note
-------+----------+-------------------------------------------
     0 | D:1      | Inarius the Demonspawn Hunter began the quest for the Orb.
     0 | D:1      | Reached XP level 1. HP: 16/16 MP: 1/1
   331 | D:1      | Gained mutation: You are partially covered in icy blue
                  | scales. (AC +2) [demonic ancestry]
   331 | D:1      | Reached XP level 2. HP: 21/23 MP: 2/2
   806 | D:1      | Reached XP level 3. HP: 29/29 MP: 3/3
   936 | D:1      | Reached skill level 1 in Armour
  1207 | D:2      | Found a basalt altar of Yredelemnul.
  1317 | D:2      | Found a shimmering altar of Xom.
  1333 | D:2      | Found an iron altar of Okawaru.
  1336 | D:2      | Found a shattered altar of Ashenzari.
  1337 | D:2      | Found a burning altar of Makhleb.
  1337 | D:2      | Found a bloodstained altar of Trog.
  1353 | D:2      | Found a sacrificial altar of Ru.
  1358 | D:2      | Became a worshipper of Trog the Wrathful
  1372 | D:2      | Slain by a gnoll

Levels and vault maps discovered:
D:1:      erik_arrival_orb_chamber, layout_basic
D:2:      layout_rooms, yredelemnul_forgotten_temple_becter, lemuel_round_altar,
          grunt_temple_overflow_open, chequers_ecumenical_altar_simple,
          first_ration, chequers_avenue

Skill      XL: |  1  2  3 |
---------------+----------+-----
Dodging        | 2 |  2.0
Fighting       | 3 |  3.5
Armour         | 1 |  1.3
Throwing       | |  3.6
Stealth        | |  0.8

Action                   || total
-------------------------++-------
Melee: Short sword       ||   114
       Rapier            ||    28
Throw: Javelin           ||     2
  Eat: Chunk             ||     2
Armor: Leather armour    ||    32
       Scale mail        ||    18
Dodge: Dodged            ||   104

Table legend:
 A = Non-vault XP
 B = Vault XP
 C = Vault XP percentage of total XP
 D = Non-vault monster count
 E = Vault monster count
 F = Vault count percentage of total count
                 A         B        C        D         E       F
            +---------+---------+-------+---------+---------+-------
      Total |      68 |      13 |  16.0 |      33 |      13 |  28.3
            +---------+---------+-------+---------+---------+-------
        D:1 |      41 |      12 |  22.6 |      26 |      12 |  31.6
        D:2 |      27 |       1 |   3.6 |       7 |       1 |  12.5
            +---------+---------+-------+---------+---------+-------
